 Dungeon Crawl Stone Soup version 0.28.0-53-g5a82cb258f (webtiles) character file.

Game seed: 5731023859164443992

4067 mcbry74 the Cleaver (level 10, -8/90 HPs)
             Began as a Minotaur Fighter on July 20, 2022.
             Was an Initiate of Gozag.
             Killed by vampiric draining
             ... invoked by a vampire
              (20 damage)
             ... in a bailey.
             The game lasted 00:24:19 (9672 turns).

mcbry74 the Cleaver (Minotaur Fighter)              Turns: 9672, Time: 00:24:20

Health: -8/90      AC: 25    Str: 28    XL:     10   Next: 5%
Magic:  9/9        EV:  7    Int: 12    God:    Gozag
Gold:   1453       SH:  0    Dex: 11    Spells: 9/9 levels left

rFire   . . .      SeeInvis +   k - +2 hand axe (vorpal)
rCold   . . .      Faith    .   o - +0 kite shield
rNeg    . . .      Spirit   .   V - +7 chain mail of Foilufela {Int+5}
rPois   .          Reflect  .   (helmet restricted)
rElec   .          Harm     .   j - +2 cloak
rCorr   .          Rampage  .   x - +1 pair of gloves
Will    .....                   p - +0 pair of boots
Stlth   ..........              (no amulet)
HPRegen 0.25/turn               v - ring of see invisible
MPRegen 0.11/turn               u - +6 ring of strength

@: confused
A: horns 2, retaliatory headbutt
a: Renounce Religion, Potion Petition, Call Merchant, Bribe Branch


You were in a bailey.
You worshipped Gozag.
Gozag was most pleased with you.
You visited 1 branch of the dungeon, and saw 9 of its levels.
You also visited: Bailey.

You collected 1473 gold pieces.
You paid 20 gold pieces to Gozag.

Inventory:

Hand Weapons
 a - a +5 mace of freezing
 k - a +2 vorpal hand axe (weapon)
 H - a +3 hand axe of freezing
 O - a +2 trident of pain
 U - a +5 dire flail
Missiles
 l - 419 stones (quivered)
 m - 5 javelins
 A - a throwing net
Armour
 j - a +2 cloak (worn)
 o - a +0 kite shield (worn)
 p - a +0 pair of boots (worn)
 x - a +1 pair of gloves (worn)
 V - the +7 chain mail of Foilufela (worn) {Int+5}
   (You found it on level 8 of the Dungeon)

   Int:       It affects your intelligence (+5).
Magical Staves
 I - a staff of conjuration
Jewellery
 s - a +6 ring of dexterity
 u - a +6 ring of strength (right hand)
 v - a ring of see invisible (left hand)
 y - the ring of Sloth {Ice rPois}
   (You found it on level 5 of the Dungeon)

   [ring of ice]

   It enhances your ice magic.
   rF:        It makes you vulnerable to fire.
   rC:        It protects you from cold.
   rPois:     It protects you from poison.
 F - a +4 ring of slaying
 K - a +6 ring of dexterity
 M - an amulet of guardian spirit
 Q - a +6 ring of intelligence
Wands
 r - a wand of flame (2)
 w - a wand of acid (12)
 N - a wand of paralysis (8)
 S - a wand of mindburst (17)
Scrolls
 c - a scroll of fear {unknown}
 d - a scroll of enchant armour {unknown}
 h - 3 scrolls of teleportation
 i - 4 scrolls of blinking
 n - 3 scrolls of vulnerability
 q - a scroll of summoning {unknown}
 z - 4 scrolls of enchant weapon
 B - 5 scrolls of magic mapping
 D - a scroll of fog {unknown}
 E - 2 scrolls of noise {unknown}
 G - a scroll of amnesia {unknown}
 L - a scroll of brand weapon {unknown}
 R - a scroll of holy word {unknown}
Potions
 b - a potion of experience {unknown}
 f - 2 potions of mutation {unknown}
 g - 6 potions of curing
 t - 2 potions of lignification
 C - a potion of haste
 J - a potion of degeneration {unknown}
 P - a potion of attraction {unknown}
 T - a potion of flight {unknown}


   Skills:
 + Level 8.6 Fighting
 * Level 11.2 Axes
 + Level 8.6 Armour
 + Level 8.7 Shields


You had 9 spell levels left.
You didn't know any spells.
Your spell library contained the following spells:

 Spells                   Type           Power      Damage    Failure   Level
 Magic Dart               Conj           0%         1d3       98%         1
 Corpse Rot               Necr/Air       0%         N/A       99%         2
 Poisonous Vapours        Pois/Air       0%         N/A       99%         2
 Searing Ray              Conj           0%         2d4       99%         2
 Call Canine Familiar     Summ           0%         N/A       100%        3
 Portal Projectile        Hex/Tloc       0%         N/A       100%        3
 Fulminant Prism          Conj/Hex       0%         3d6       100%        4
 Leda's Liquefaction      Hex/Erth       0%         N/A       100%        4


Dungeon Overview and Level Annotations

Branches:
Dungeon (9/15)             Temple (0/1) D:4          Bailey (1/1)
   Lair: D:8-11         Orc: D:9-12

Altars:
Cheibriados
Fedhas
Gozag
Hepliaklqana
Qazlal
Sif Muna
Trog
Vehumet
The Shining One

Shops:
D:1 (=   D:5 (   D:6 (


Innate Abilities, Weirdness & Mutations

You have a pair of horns on your head.
You reflexively headbutt those who attack you in melee.


Message History

The vampire is heavily damaged.
The vampire hits you but does no damage.
The vampire bites you but does no damage.
You hit the vampire.
You headbutt the vampire, but do no damage.
The vampire is severely damaged.
You closely miss the vampire.
The vampire is severely damaged.
The vampire draws life force from you.
The vampire is healed by the life force!
You hit the vampire.
The vampire is severely damaged.
You barely miss the vampire. Your headbutt misses the vampire.
The vampire is severely damaged.
You block the vampire's attack. The vampire barely misses you.
You hit the vampire but do no damage. You headbutt the vampire.
The vampire is almost destroyed.
The vampire hits you but does no damage.
The vampire bites you but does no damage.
You hit the vampire but do no damage.
You headbutt the vampire, but do no damage.
The vampire is almost destroyed.
You hit the vampire but do no damage.
You headbutt the vampire, but do no damage.
The vampire is almost destroyed.
The vampire gestures at you while chanting.
You resist with some effort.
You barely miss the vampire.
The vampire is almost destroyed.
You feel yourself slow down. The vampire casts a spell at you.
You are confused.
You bump into the stone wall.
The vampire draws life force from you!
* * * LOW HITPOINT WARNING * * *
The vampire is healed by the life force!
You closely miss the vampire. You headbutt the vampire!
The vampire is severely damaged.
The vampire draws life force from you!!
You die...
Your body crumbles into a pile of gold.

....####....+
...##..##...+
#########....#...#
#........))).)...#
#........)#......#
###''##...##....8#
##....##...#######
##..V...##.......8#
#..@##...#8......8#
#..## #..##########
#..# ..# #8.. ..#
##![ !## ##8! ##


You could see a vampire (invisible).

Vanquished Creatures
  Joseph (D:7)
  A gargoyle (Bailey)
  The ghost of diceflayer the Skirmisher, an amateur MiFi (D:4)
  A steam dragon (D:8)
  Menkaure (D:7)
  2 water moccasins
  2 orc warriors (D:8)
  An ice beast (D:6)
  2 ogres
  2 necrophages
  2 centaurs
  A phantom (D:6)
  A kobold brigand (D:8)
  3 bullfrogs (D:6)
  A water moccasin skeleton (D:5)
  A wyvern skeleton (D:6)
  4 killer bees (D:7)
  12 wights
  2 hounds
  4 orc priests
  2 iguanas
  8 orc wizards
  2 killer bee zombies
  10 adders
  7 gnolls
  A shadow imp (D:7)
  2 white imps
  2 ufetubi
  3 worms
  3 dart slugs
  37 orcs
  10 ball pythons
  7 endoplasms
  3 giant cockroaches
  16 goblins
  11 hobgoblins
  14 kobolds
  7 quokkas
  5 bats
  2 frilled lizards
  13 orc zombies (Bailey)
  A quokka skeleton (D:4)
  A rat (D:2)
212 creatures vanquished.

Notes
Turn   | Place    | Note
-------+----------+-------------------------------------------
     0 | D:1      | mcbry74 the Minotaur Fighter began the quest for the Orb.
     0 | D:1      | Reached XP level 1. HP: 19/19 MP: 0/0
   251 | D:1      | Reached XP level 2. HP: 27/27 MP: 1/1
   327 | D:1      | Found Xaejosoem's Antique Weapon Shoppe.
   351 | D:1      | Reached skill level 3 in Axes
   655 | D:1      | Found Zuegrena's Jewellery Shoppe.
  1120 | D:2      | Noticed an ogre
  1130 | D:2      | HP: 1/27 [ogre/+0 giant club (14)]
  1137 | D:2      | Killed an ogre
  1138 | D:2      | Reached skill level 4 in Axes
  1138 | D:2      | Reached XP level 3. HP: 2/34 MP: 2/2
  1138 | D:2      | Reached XP level 4. HP: 2/41 MP: 3/3
  1786 | D:2      | Reached XP level 5. HP: 47/47 MP: 4/4
  2064 | D:2      | Found an opulent altar of Gozag.
  2074 | D:2      | Became a worshipper of Gozag Ym Sagoz the Greedy
  2811 | D:3      | Found a faded altar of an unknown god.
  2961 | D:3      | Found a hazy altar of Hepliaklqana.
  3161 | D:3      | Reached skill level 5 in Axes
  3307 | D:3      | Found a glowing golden altar of the Shining One.
  3595 | D:4      | Reached XP level 6. HP: 38/55 MP: 5/5
  3595 | D:4      | Found a radiant altar of Vehumet.
  3826 | D:4      | Reached skill level 5 in Shields
  3915 | D:4      | Found a staircase to the Ecumenical Temple.
  3924 | D:4      | Reached skill level 5 in Fighting
  3945 | D:4      | Reached skill level 5 in Armour
  4037 | D:4      | Found a runed translucent door.
  4037 | D:4      | Noticed diceflayer's ghost (amateur MiFi)
  4861 | D:4      | Killed diceflayer's ghost
  4862 | D:4      | Reached skill level 6 in Axes
  4862 | D:4      | Reached XP level 7. HP: 53/61 MP: 6/6
  4988 | D:5      | Entered Level 5 of the Dungeon
  5127 | D:5      | Identified the ring of Sloth {Ice rPois}
  5152 | D:5      | Found a stormy altar of Qazlal.
  5215 | D:5      | Reached skill level 7 in Axes
  5739 | D:5      | Found Cily's Antique Weapon Boutique.
  6120 | D:6      | Reached XP level 8. HP: 51/69 MP: 7/7
  6459 | D:6      | Found a blossoming altar of Fedhas.
  6507 | D:6      | Reached skill level 8 in Axes
  6966 | D:6      | Found a bloodstained altar of Trog.
  7149 | D:6      | Found Ygiffuce's Antique Weapon Shop.
  7259 | D:7      | Noticed Menkaure
  7265 | D:7      | Killed Menkaure
  7266 | D:7      | Reached skill level 9 in Axes
  7299 | D:7      | Noticed Joseph
  7320 | D:7      | Reached XP level 9. HP: 34/79 MP: 8/8
  7323 | D:7      | Killed Joseph
  7857 | D:7      | Reached skill level 10 in Axes
  7949 | D:7      | Found a shimmering blue altar of Sif Muna.
  8991 | D:8      | Identified the +7 chain mail of Foilufela {Int+5}
  9127 | D:8      | Reached skill level 11 in Axes
  9253 | D:8      | Found a snail-covered altar of Cheibriados.
  9281 | D:9      | Found a flagged portal.
  9296 | Bailey   | Entered a bailey
  9474 | Bailey   | Noticed a gargoyle
  9497 | Bailey   | Killed a gargoyle
  9498 | Bailey   | Reached XP level 10. HP: 68/90 MP: 9/9
  9672 | Bailey   | Killed from afar by a vampire

Illustrated notes

Levels and vault maps discovered:
D:1:      amcnicky_arrival_flooded_fountain, layout_basic, serial_shops, shop,
          nicolae_square_shop
D:2:      minmay_skewed_foursquare, layout_loops_ring, basic_altar,
          roderic_three_in_a_row, minmay_heptomino_w4
D:3:      layout_basic, worldfamousw_hep_ancestral_shrine,
          mainiacjoe_overflow_brackets,
          dreamdust_ecumenical_altar_angels_and_demons
D:4:      layout_basic, vehumet_altar_wand_db, minmay_temple_entry_antechambers,
          cheibrodos_sewer_entry_bend, hellmonk_ghost_happy_afterlife
D:5:      layout_basic, nicolae_qazlal_scattered_showers, serial_shops, shop,
          abandoned_shop
D:6:      layout_gridville, mainiacjoe_overflow_alcove_1,
          mainiacjoe_overflow_paths, serial_shops, kennysheep_little_box,
          serial_glass, glass_columns_a, glass_columns_b, glass_columns_b,
          glass_columns_a, glass_columns_b, chequers_decorated_corner
D:7:      layout_basic, mainiacjoe_overflow_24_doors, minivault_25,
          uniq_menkaure, uniq_joseph
D:8:      layout_cave_pools, general_overflow_altar, special_room
          [special_room_orc], serial_column_ruins, column_ruins_open_tiny,
          column_ruins_columns_dead_end, column_ruins_corridor_straight,
          column_ruins_open_tiny, kennysheep_cluttered_room
D:9:      layout_gridville, overflow_temple_1_default, enter_bailey_5
Bailey:   bailey_polearm_vampire_castle_hellmonk, bailey

Skill      XL: |  1  2  3  4  5  6  7  8  9 |
---------------+----------------------------+-----
Axes           | 4 5 6 7 9 11 | 11.2
Fighting       | 4 5 6 7 8 |  8.6
Armour         | 4 5 6 7 8 |  8.6
Shields        | 4 5 6 7 8 |  8.7

Action                   |  1- 3 |  4- 6 |  7- 9 | 10-12 || total
-------------------------+-------+-------+-------+-------++-------
Melee: War axe           |    51 |    22 |       |       ||    73
       Headbutt          |     2 |    26 |    68 |    14 ||   110
       Hand axe          |       |   145 |   324 |    40 ||   509
  Use: Potion            |     1 |     1 |       |     1 ||     3
       Scroll            |       |       |     6 |     2 ||     8
 Stab: Distracted        |       |     2 |     4 |       ||     6
Armor: Scale mail        |    26 |    65 |    90 |       ||   181
       Chain mail        |       |       |    20 |    17 ||    37
Dodge: Dodged            |    15 |    46 |    70 |    13 ||   144
Block: Buckler           |    16 |    10 |       |       ||    26
       Kite shield       |       |    56 |   158 |     8 ||   222
